 Dungeon Crawl Stone Soup version 0.31-a0-152-g6aa68a64a1 (webtiles) character file.

Game seed: 15767440769607276030

42772 qw the Marksnaga (level 14, -5/135 HPs)
             Began as a Naga Hunter on June 10, 2023.
             Was a High Priest of Okawaru.
             Slain by a dire elephant (30 damage)
             ... on level 5 of the Lair of Beasts.
             The game lasted 00:06:11 (12919 turns).

qw the Marksnaga (Naga Hunter)                     Turns: 12919, Time: 00:06:11

Health: -5/135     AC: 20    Str: 14    XL:     14   Next: 21%
Magic:  21/21      EV: 14    Int: 10    God:    Okawaru [*****.]
Gold:   560        SH:  0    Dex: 19    Spells: 13/13 levels left

rFire   + . .        Y - +2 longbow (flame)
rCold   + . .        (shield currently unavailable)
rNeg    . . .        b - +1 leather armour {rF+}
rPois   +            j - +2 hat
rElec   .            m - +0 cloak
rCorr   .            r - +0 pair of gloves
SInv    +            h - +2 barding {rC+}
Will    +....        e - amulet of regeneration
Stlth   +++          (no ring)
HPRegen 1.22/turn    (no ring)
MPRegen 0.17/turn

%: no passive effects
@: about to teleport, heroic, very slow
A: AC +4, large, see invisible, deformed body, poison resistance, slowness 2,
spit poison 1, naga tail 2
a: Spit Poison, Renounce Religion, Heroism, Finesse, Duel


You were on level 5 of the Lair of Beasts.
You worshipped Okawaru.
Okawaru was extremely pleased with you.
You visited 3 branches of the dungeon, and saw 16 of its levels.

You collected 922 gold pieces.
You spent 362 gold pieces at shops.


Innate Abilities, Weirdness & Mutations

Your serpentine skin is tough. (AC +4)
You have supernaturally acute eyesight. (SInv)
Armour fits poorly on your strangely shaped body.
Your system is resistant to poisons. (rPois)
You cover ground very slowly.
You can spit poison.
You can use your snake-like lower body to constrict enemies.


   Skills:
 - Level 11.0(16.0) Fighting
 + Level 16.8(21.8) Ranged Weapons
 - Level 4.1(9.1) Armour
 - Level 6.0(11.0) Dodging
 - Level 1.5(6.5) Stealth
 - Level 10.0 Invocations


You had 13 spell levels left.
You didn't know any spells.
Your spell library was empty.

Inventory:

Hand Weapons
 Y - a +2 longbow of flaming (weapon)
Armour
 b - a +1 leather armour of fire resistance (worn)
 f - a +3 leather armour of positive energy
 h - a +2 barding of cold resistance (worn)
 j - a +2 hat (worn)
 k - the +4 ring mail of Refuge {Harm Will- Regen+ Int+5}
   (You found it on level 4 of the Lair of Beasts)

   Int:       It affects your intelligence (+5).
   Regen:     It increases your rate of health regeneration.
   Harm:      It increases damage dealt and taken.
   Will:      It decreases your willpower.
 m - a +0 cloak (worn)
 r - a +0 pair of gloves (worn)
Jewellery
 e - an amulet of regeneration (around neck)
 q - a ring of fire
Wands
 o - a wand of digging (5)
Scrolls
 a - 10 scrolls of identify
 l - 2 scrolls of teleportation
Potions
 d - a potion of might
 g - a potion of resistance
 i - 7 potions of curing
 n - 2 potions of mutation

Dungeon Overview and Level Annotations

Branches:
Dungeon (10/15)            Temple (1/1) D:6            Lair (5/5) D:9
 Shoals (0/4) Lair:2        Snake (0/4) Lair:2        Slime (0/5) Lair:5
    Orc (0/2) D:9

Altars:
Ashenzari
Cheibriados
Dithmenos
Elyvilon
Fedhas
Gozag
Hepliaklqana
Kikubaaqudgha
Makhleb
Nemelex Xobeh
Okawaru
Qazlal
Ru
Sif Muna
Trog
Uskayaw
Vehumet
Wu Jian
Xom
Yredelemnul
Zin
The Shining One

Shops:
D:6 (   D:8 [((

Annotations:
D:3 1 runed translucent door, qw's ghost, amateur MiHu
D:10 1 runed translucent door
Lair:3 3 runed translucent doors, qw's ghost, journeyman MiHu


Message History

You shoot an arrow. The arrow hits the cane toad.
The arrow burns the cane toad.
The cane toad is moderately wounded.
The cane toad barely misses you.
You shoot an arrow.
The arrow completely misses the cane toad.
The cane toad completely misses you.
The dire elephant tramples you but does no damage.
The dire elephant trunk-slaps you but does no damage.
You shoot an arrow. The arrow hits the cane toad!
The arrow burns the cane toad.
The cane toad is heavily wounded.
The cane toad stings you but does no damage.
The dire elephant tramples you but does no damage.
The dire elephant trunk-slaps you.
You shoot an arrow. The arrow hits the cane toad!
The arrow burns the cane toad.
The cane toad is almost dead.
The cane toad closely misses you.
You shoot an arrow. The arrow hits the cane toad!!
The arrow burns the cane toad.
You kill the cane toad!
Okawaru accepts your kill. The dire elephant barely misses you.
The dire elephant trunk-slaps you but does no damage.
You shoot an arrow. The arrow hits the dire elephant.
The arrow burns the dire elephant.
The dire elephant is lightly wounded.
The dire elephant tramples you!
You stumble backwards!
You shoot an arrow. The arrow hits the dire elephant.
The arrow burns the dire elephant.
The dire elephant is lightly wounded.
The dire elephant tramples you but does no damage.
The dire elephant trunk-slaps you.
12918 ||| READING 3 scrolls of teleportation.
As you read the scroll of teleportation, it crumbles to dust.
You feel strangely unstable. The dire elephant tramples you!!
You hold your ground!
The dire elephant barely misses you.
12919 ||| DRINKING potion of heal wounds.
You feel much better. The dire elephant tramples you!!
You die...

##...~##~~#
##%..~~~~~~~~.~~..~~~.~..
........%.................
...........................
...........................
............$..............
........... .%.%..........
..P.....### #.#.......#..
##......# #@Y%%.....#
##......## ### #.%....P.#
##.......# ...##.....##...
P#...................#
........##...........#
.#P.....# ###.#....##
##P.....### #####...###
##........###...#....P##
.P...................P..#


You could see a dire elephant.

Vanquished Creatures
  A dire elephant (Lair:5)
  3 hydras
  A boulder beetle (Lair:2)
  2 catoblepae
  A death yak (Lair:2)
  Nergalle (Lair:2)
  2 skysharks (Lair:5)
  An oklob plant (Lair:3)
  A manticore (D:9)
  A salamander (Lair:2)
  A merfolk siren (Lair:2)
  An elephant (Lair:2)
  Maurice (D:8)
  3 black mambas
  A gargoyle (D:10)
  19 cane toads
  17 komodo dragons
  5 rime drakes
  A polar bear (Lair:5)
  2 trolls
  3 hornets
  A queen bee (Lair:2)
  2 merfolk (Lair:2)
  A wind drake (Lair:5)
  13 dream sheep
  16 blink frogs
  2 slime creatures (Lair:5)
  2 wyverns
  46 yaks
  Grum (D:9)
  4 basilisks
  2 acid dragons
  11 water moccasins
  A black bear (D:9)
  4 orc warriors
  3 ice beasts
  A sky beast (D:4)
  An ogre (D:4)
  3 centaurs
  4 wolves (D:9)
  2 kobold brigands (D:8)
  Blork the orc (D:5)
  16 bullfrogs
  A gnoll sergeant (D:8)
  6 scorpions (D:4)
  4 wights (D:8)
  23 killer bees
  3 howler monkeys (D:9)
  An electric eel (Lair:2)
  3 lava snakes (Lair:2)
  5 hounds
  2 orc priests
  2 gnoll boudas
  3 jellies
  A sleepcap (D:6)
  Natasha (twice) (D:3)
  2 iguanas
  5 orc wizards
  Robin (D:1)
  10 adders
  15 gnolls
  2 shadow imps (D:6)
  2 white imps
  An ufetubus (D:6)
  3 worms
  3 dart slugs
  28 orcs
  12 ball pythons
  10 endoplasms
  4 giant cockroaches
  13 goblins
  14 hobgoblins
  A jackal (D:3)
  3 quokkas
  9 bats
  4 frilled lizards
  A jackal zombie (D:10)
  10 kobolds
  7 rats
421 creatures vanquished.

Vanquished Creatures (others)
  An orc wizard (D:8)
1 creature vanquished.

Grand Total: 422 creatures vanquished

Notes
Turn   | Place    | Note
-------+----------+-------------------------------------------
     0 | D:1      | qw the Naga Hunter began the quest for the Orb.
     0 | D:1      | Reached XP level 1. HP: 19/19 MP: 1/1
     0 | D:1      | 0 ||| qw: Version: 0.2-a-29-g767f381
     0 | D:1      | 0 ||| qw: Game counter: 3926
     0 | D:1      | 0 ||| qw: Always use a shield: true
     0 | D:1      | 0 ||| qw: God list: Okawaru
     0 | D:1      | 0 ||| qw: Allow faded altars: false
     0 | D:1      | 0 ||| qw: Do Orc after D:15 true
     0 | D:1      | 0 ||| qw: Do second Lair branch before Depths: true
     0 | D:1      | 0 ||| qw: Lair rune preference: random
     0 | D:1      | 0 ||| qw: Plans: Normal
     0 | D:1      | 0 ||| PLANNING D:1-11
    47 | D:1      | 47 ||| INVOKING Spit Poison.
    77 | D:1      | 77 ||| INVOKING Spit Poison.
    80 | D:1      | 80 ||| INVOKING Spit Poison.
    86 | D:1      | 86 ||| INVOKING Spit Poison.
    87 | D:1      | Reached skill level 4 in Ranged Weapons
    87 | D:1      | Reached XP level 2. HP: 16/26 MP: 2/2
   133 | D:1      | 133 ||| INVOKING Spit Poison.
   137 | D:1      | 137 ||| INVOKING Spit Poison.
   138 | D:1      | 138 ||| INVOKING Spit Poison.
   160 | D:1      | 160 ||| INVOKING Spit Poison.
   176 | D:1      | 176 ||| INVOKING Spit Poison.
   184 | D:1      | 184 ||| INVOKING Spit Poison.
   251 | D:1      | 251 ||| INVOKING Spit Poison.
   263 | D:1      | 263 ||| INVOKING Spit Poison.
   267 | D:1      | 267 ||| INVOKING Spit Poison.
   356 | D:1      | 356 ||| INVOKING Spit Poison.
   360 | D:1      | 360 ||| INVOKING Spit Poison.
   403 | D:1      | 403 ||| INVOKING Spit Poison.
   448 | D:1      | 448 ||| INVOKING Spit Poison.
   554 | D:1      | 554 ||| UPGRADING to amulet of regeneration.
   559 | D:1      | 559 ||| READING 4 scrolls labelled KOIRAI RIFOAMN.
   560 | D:1      | 560 ||| READING scroll labelled SODUTU WOZOLY.
   561 | D:1      | 561 ||| READING 3 scrolls of identify.
   561 | D:1      | 561 ||| IDENTIFYING viscous ruby potion
   562 | D:1      | 562 ||| READING 2 scrolls of identify.
   562 | D:1      | 562 ||| IDENTIFYING emerald potion
   563 | D:1      | 563 ||| DROPPING scroll of butterflies.
   564 | D:1      | 564 ||| DROPPING potion of degeneration.
   597 | D:2      | Noticed Robin
   598 | D:2      | 598 ||| INVOKING Spit Poison.
   599 | D:2      | 599 ||| STAIRDANCE
   601 | D:1      | 601 ||| INVOKING Spit Poison.
   602 | D:1      | Reached XP level 3. HP: 11/32 MP: 3/3
   605 | D:1      | 605 ||| INVOKING Spit Poison.
   626 | D:2      | 626 ||| STAIRDANCE
   628 | D:1      | 628 ||| INVOKING Spit Poison.
   633 | D:1      | 633 ||| INVOKING Spit Poison.
   650 | D:2      | 650 ||| STAIRDANCE
   650 | D:2      | HP: 5/32 [goblin/+0 club[Robin] (6)]
   652 | D:1      | 652 ||| INVOKING Spit Poison.
   656 | D:1      | Reached skill level 5 in Ranged Weapons
   657 | D:1      | 657 ||| INVOKING Spit Poison.
   661 | D:1      | Reached XP level 4. HP: 17/39 MP: 4/4
   684 | D:2      | 684 ||| STAIRDANCE
   686 | D:1      | 686 ||| INVOKING Spit Poison.
   687 | D:1      | 687 ||| INVOKING Spit Poison.
   714 | D:2      | 714 ||| STAIRDANCE
   818 | D:2      | 818 ||| INVOKING Spit Poison.
   819 | D:2      | 819 ||| STAIRDANCE
   836 | D:2      | 836 ||| INVOKING Spit Poison.
   839 | D:2      | 839 ||| STAIRDANCE
   841 | D:1      | 841 ||| INVOKING Spit Poison.
   844 | D:1      | 844 ||| INVOKING Spit Poison.
   845 | D:1      | Killed Robin
   847 | D:1      | 847 ||| INVOKING Spit Poison.
   849 | D:1      | Reached skill level 3 in Fighting
   849 | D:1      | Reached XP level 5. HP: 22/49 MP: 5/5
   876 | D:1      | 876 ||| UPGRADING to +0 helmet.
   881 | D:1      | 881 ||| DRINKING 2 grey potions.
   885 | D:2      | 885 ||| INVOKING Spit Poison.
   888 | D:2      | 888 ||| INVOKING Spit Poison.
   889 | D:2      | 889 ||| STAIRDANCE
   916 | D:2      | 916 ||| INVOKING Spit Poison.
   941 | D:2      | 941 ||| INVOKING Spit Poison.
   967 | D:2      | 967 ||| INVOKING Spit Poison.
   970 | D:2      | 970 ||| INVOKING Spit Poison.
  1021 | D:2      | 1021 ||| INVOKING Spit Poison.
  1063 | D:2      | 1063 ||| INVOKING Spit Poison.
  1069 | D:2      | 1069 ||| INVOKING Spit Poison.
  1134 | D:2      | 1134 ||| INVOKING Spit Poison.
  1137 | D:2      | 1137 ||| INVOKING Spit Poison.
  1245 | D:2      | 1245 ||| READING scroll labelled XID GIFYCZOAME.
  1246 | D:2      | 1246 ||| READING scroll labelled LAYL PIMOCUG.
  1247 | D:2      | 1247 ||| DRINKING 2 orange potions.
  1264 | D:3      | 1264 ||| INVOKING Spit Poison.
  1270 | D:3      | Noticed Natasha
  1284 | D:3      | 1284 ||| INVOKING Spit Poison.
  1288 | D:3      | 1288 ||| INVOKING Spit Poison.
  1291 | D:3      | 1291 ||| INVOKING Spit Poison.
  1292 | D:3      | Killed Natasha
  1296 | D:3      | 1296 ||| INVOKING Spit Poison.
  1296 | D:3      | HP: 11/49 [adder (3)]
  1301 | D:3      | HP: 8/49 [poisoned by an adder]
  1355 | D:3      | 1355 ||| SWAPPING to +0 longbow.
  1358 | D:3      | 1358 ||| DROPPING +0 shortbow.
  1376 | D:3      | 1376 ||| INVOKING Spit Poison.
  1377 | D:3      | Found a runed translucent door.
  1382 | D:3      | Noticed qw's ghost (amateur MiHu)
  1429 | D:3      | Found an ornate altar of the Wu Jian Council.
  1535 | D:3      | 1535 ||| INVOKING Spit Poison.
  1539 | D:3      | 1539 ||| INVOKING Spit Poison.
  1542 | D:3      | Noticed Natasha
  1543 | D:3      | 1543 ||| INVOKING Spit Poison.
  1545 | D:3      | Killed Natasha
  1546 | D:3      | Reached XP level 6. HP: 52/56 MP: 6/6
  1550 | D:3      | 1550 ||| INVOKING Spit Poison.
  1562 | D:3      | 1562 ||| INVOKING Spit Poison.
  1573 | D:3      | 1573 ||| INVOKING Spit Poison.
  1578 | D:3      | 1578 ||| INVOKING Spit Poison.
  1593 | D:3      | 1593 ||| INVOKING Spit Poison.
  1648 | D:3      | 1648 ||| INVOKING Spit Poison.
  1650 | D:3      | Reached skill level 6 in Ranged Weapons
  1674 | D:3      | 1674 ||| INVOKING Spit Poison.
  1702 | D:3      | 1702 ||| INVOKING Spit Poison.
  1723 | D:3      | 1723 ||| INVOKING Spit Poison.
  1738 | D:3      | 1738 ||| INVOKING Spit Poison.
  1792 | D:3      | 1792 ||| INVOKING Spit Poison.
  1970 | D:3      | 1970 ||| UPGRADING to +2 hat.
  1980 | D:3      | 1980 ||| DROPPING +0 helmet.
  1981 | D:3      | 1981 ||| READING 3 scrolls of identify.
  1981 | D:3      | 1981 ||| IDENTIFYING smoky silvery potion
  1982 | D:3      | 1982 ||| DROPPING potion of magic.
  2036 | D:4      | 2036 ||| INVOKING Spit Poison.
  2040 | D:4      | 2040 ||| INVOKING Spit Poison.
  2073 | D:4      | Found a glowing silver altar of Zin.
  2090 | D:4      | 2090 ||| INVOKING Spit Poison.
  2108 | D:4      | Noticed a sky beast
  2110 | D:4      | 2110 ||| INVOKING Spit Poison.
  2113 | D:4      | 2113 ||| INVOKING Spit Poison.
  2117 | D:4      | 2117 ||| INVOKING Spit Poison.
  2122 | D:4      | 2122 ||| INVOKING Spit Poison.
  2123 | D:4      | Killed a sky beast
  2384 | D:4      | 2384 ||| INVOKING Spit Poison.
  2408 | D:4      | 2408 ||| INVOKING Spit Poison.
  2531 | D:4      | 2531 ||| INVOKING Spit Poison.
  2538 | D:4      | 2538 ||| INVOKING Spit Poison.
  2541 | D:4      | Reached XP level 7. HP: 64/64 MP: 7/7
  2568 | D:4      | 2568 ||| INVOKING Spit Poison.
  2569 | D:4      | 2569 ||| INVOKING Spit Poison.
  2572 | D:4      | 2572 ||| INVOKING Spit Poison.
  2575 | D:4      | Reached skill level 7 in Ranged Weapons
  2609 | D:4      | 2609 ||| INVOKING Spit Poison.
  2725 | D:4      | 2725 ||| INVOKING Spit Poison.
  2726 | D:4      | 2726 ||| INVOKING Spit Poison.
  2730 | D:4      | 2730 ||| INVOKING Spit Poison.
  2736 | D:4      | 2736 ||| INVOKING Spit Poison.
  2946 | D:4      | Found a sparkling altar of Nemelex Xobeh.
  2947 | D:4      | 2947 ||| INVOKING Spit Poison.
  2948 | D:4      | 2948 ||| INVOKING Spit Poison.
  3149 | D:4      | 3149 ||| INVOKING Spit Poison.
  3155 | D:4      | 3155 ||| INVOKING Spit Poison.
  3179 | D:4      | 3179 ||| INVOKING Spit Poison.
  3189 | D:4      | 3189 ||| INVOKING Spit Poison.
  3198 | D:4      | 3198 ||| INVOKING Spit Poison.
  3204 | D:4      | 3204 ||| UPGRADING to +1 leather armour of fire resistance.
  3207 | D:4      | 3207 ||| INVOKING Spit Poison.
  3212 | D:4      | Reached XP level 8. HP: 72/72 MP: 8/8
  3213 | D:4      | 3213 ||| UPGRADING to +1 leather armour of fire resistance.
  3223 | D:4      | 3223 ||| DROPPING +0 leather armour.
  3224 | D:4      | 3224 ||| UPGRADING to +0 cloak.
  3234 | D:4      | 3234 ||| INVOKING Spit Poison.
  3235 | D:4      | 3235 ||| INVOKING Spit Poison.
  3237 | D:4      | Reached skill level 8 in Ranged Weapons
  3238 | D:4      | 3238 ||| INVOKING Spit Poison.
  3270 | D:4      | 3270 ||| INVOKING Spit Poison.
  3275 | D:4      | 3275 ||| INVOKING Spit Poison.
  3306 | D:4      | 3306 ||| INVOKING Spit Poison.
  3310 | D:4      | 3310 ||| INVOKING Spit Poison.
  3316 | D:4      | 3316 ||| INVOKING Spit Poison.
  3464 | D:4      | 3464 ||| READING scroll labelled USUELL TAKU.
  3465 | D:4      | 3465 ||| READING 3 scrolls labelled VEBEMI CILIUXE.
  3466 | D:4      | 3466 ||| READING scroll labelled FOTEWK KAWIURCH.
  3467 | D:4      | 3467 ||| DROPPING 2 scrolls of noise.
  3486 | D:5      | Entered Level 5 of the Dungeon
  3590 | D:5      | 3590 ||| INVOKING Spit Poison.
  3653 | D:5      | Found an ancient bone altar of Kikubaaqudgha.
  3726 | D:5      | Noticed Blork the orc
  3728 | D:5      | 3728 ||| INVOKING Spit Poison.
  3733 | D:5      | 3733 ||| INVOKING Spit Poison.
  3739 | D:5      | 3739 ||| INVOKING Spit Poison.
  3739 | D:5      | Killed Blork the orc
  3830 | D:5      | Reached skill level 9 in Ranged Weapons
  3874 | D:5      | 3874 ||| INVOKING Spit Poison.
  3907 | D:5      | 3907 ||| INVOKING Spit Poison.
  3911 | D:5      | Reached skill level 1 in Armour
  3922 | D:5      | Found a snail-covered altar of Cheibriados.
  4121 | D:5      | Found an opulent altar of Gozag.
  4157 | D:5      | 4157 ||| DROPPING +6 ring of intelligence.
  4158 | D:5      | 4158 ||| READING scroll labelled QIOQEN AXZERROUJ.
  4159 | D:5      | 4159 ||| READING scroll labelled EGU SIETTAIPO.
  4159 | D:5      | Identified a scroll of acquirement
  4159 | D:5      | 4159 ||| ACQUIRING +1 barding of cold resistance
  4159 | D:5      | Acquired a +1 barding of cold resistance
  4161 | D:5      | 4161 ||| UPGRADING to +1 barding of cold resistance.
  4166 | D:5      | 4166 ||| READING scroll labelled EXACET ORGHUU.
  4167 | D:5      | 4167 ||| READING scroll labelled YWNEAJOODE.
  4168 | D:5      | 4168 ||| READING scroll labelled JEALIE CAEVAAX.
  4173 | D:5      | 4173 ||| READING 3 scrolls of identify.
  4173 | D:5      | 4173 ||| IDENTIFYING cyan potion
  4174 | D:5      | 4174 ||| READING 2 scrolls of identify.
  4174 | D:5      | 4174 ||| IDENTIFYING brown potion
  4175 | D:5      | 4175 ||| DROPPING potion of enlightenment.
  4176 | D:5      | 4176 ||| DROPPING potion of attraction.
  4274 | D:6      | Found Dicif's Antique Weapon Shop.
  4278 | D:6      | 4278 ||| INVOKING Spit Poison.
  4284 | D:6      | 4284 ||| BUYING glowing arbalest (187 gold).
  4284 | D:6      | Bought a glowing arbalest for 187 gold pieces
  4284 | D:6      | 4284 ||| DROPPING +5 arbalest.
  4341 | D:6      | Found a staircase to the Ecumenical Temple.
  4342 | D:6      | 4342 ||| PLANNING TEMPLE
  4350 | Temple   | Entered the Ecumenical Temple
  4350 | Temple   | Found a transporter.
  4350 | Temple   | Found a transporter.
  4352 | Temple   | Found a transporter.
  4352 | Temple   | Found a transporter.
  4362 | Temple   | 4362 ||| PLANNING D:1-11
  4500 | D:6      | You fall into a shaft and drop 1 floor!
  4500 | D:7      | Identified the +0 robe of Compression {Harm rF+ rC-}
  4553 | D:7      | 4553 ||| DROPPING +0 robe of Compression {Harm rF+ rC-}.
  4647 | D:6      | 4647 ||| INVOKING Spit Poison.
  4650 | D:6      | 4650 ||| INVOKING Spit Poison.
  4667 | D:6      | Reached XP level 9. HP: 67/82 MP: 9/9
  4956 | D:6      | 4956 ||| READING scroll labelled SAPAPTIASCH.
  5088 | D:7      | 5088 ||| INVOKING Spit Poison.
  5126 | D:7      | Reached skill level 3 in Dodging
  5147 | D:7      | 5147 ||| INVOKING Spit Poison.
  5152 | D:7      | 5152 ||| INVOKING Spit Poison.
  5165 | D:7      | 5165 ||| INVOKING Spit Poison.
  5168 | D:7      | Reached skill level 6 in Fighting
  5194 | D:7      | 5194 ||| INVOKING Spit Poison.
  5198 | D:7      | 5198 ||| INVOKING Spit Poison.
  5203 | D:7      | 5203 ||| INVOKING Spit Poison.
  5208 | D:7      | 5208 ||| INVOKING Spit Poison.
  5213 | D:7      | 5213 ||| INVOKING Spit Poison.
  5215 | D:7      | Reached skill level 10 in Ranged Weapons
  5215 | D:7      | HP: 18/82 [orc priest/divine providence (13)]
  5277 | D:7      | 5277 ||| INVOKING Spit Poison.
  5334 | D:7      | 5334 ||| INVOKING Spit Poison.
  5338 | D:7      | 5338 ||| INVOKING Spit Poison.
  5343 | D:7      | 5343 ||| INVOKING Spit Poison.
  5578 | D:7      | Found a shadowy altar of Dithmenos.
  5644 | D:7      | 5644 ||| DRINKING 2 fuming coppery potions.
  5653 | D:8      | 5653 ||| INVOKING Spit Poison.
  5656 | D:8      | 5656 ||| INVOKING Spit Poison.
  5746 | D:8      | Found a hide-covered altar of Uskayaw.
  5746 | D:8      | Noticed a +0 dagger
  5746 | D:8      | Noticed a +0 hand axe
  5782 | D:8      | 5782 ||| INVOKING Spit Poison.
  5787 | D:8      | 5787 ||| INVOKING Spit Poison.
  5829 | D:8      | 5829 ||| INVOKING Spit Poison.
  5835 | D:8      | 5835 ||| INVOKING Spit Poison.
  5839 | D:8      | 5839 ||| INVOKING Spit Poison.
  5842 | D:8      | 5842 ||| INVOKING Spit Poison.
  5869 | D:8      | 5869 ||| INVOKING Spit Poison.
  5878 | D:8      | Found Lytadozu's Weapon Shoppe.
  5887 | D:8      | 5887 ||| SHOPLISTING +3 sling of flaming (275 gold, have
                  | 208).
  5930 | D:8      | 5930 ||| INVOKING Spit Poison.
  5930 | D:8      | Noticed Maurice
  5932 | D:8      | 5932 ||| Stepping ~*~*~tactically~*~*~ (outnumbered).
  5936 | D:8      | 5936 ||| INVOKING Spit Poison.
  5939 | D:8      | 5939 ||| INVOKING Spit Poison.
  5941 | D:8      | Killed Maurice
  5945 | D:8      | 5945 ||| INVOKING Spit Poison.
  5962 | D:8      | Found Qelumaer's Antique Weapon Emporium.
  5974 | D:8      | Noticed a troll
  5977 | D:8      | 5977 ||| INVOKING Spit Poison.
  5982 | D:8      | 5982 ||| INVOKING Spit Poison.
  5985 | D:8      | Killed a troll
  5986 | D:8      | Reached XP level 10. HP: 56/94 MP: 10/10
  6098 | D:8      | Reached skill level 11 in Ranged Weapons
  6098 | D:8      | 6098 ||| INVOKING Spit Poison.
  6101 | D:8      | Found Diorchu Wett's Antique Armour Shoppe.
  6111 | D:8      | 6111 ||| BUYING glowing leather armour (175 gold).
  6111 | D:8      | Bought a glowing leather armour for 175 gold pieces
  6159 | D:8      | 6159 ||| READING scroll of brand weapon.
  6159 | D:8      | 6159 ||| BRANDING +0 longbow of freezing.
  6485 | D:8      | 6485 ||| INVOKING Spit Poison.
  6491 | D:8      | 6491 ||| INVOKING Spit Poison.
  6580 | D:8      | 6580 ||| READING scroll labelled RIOBROTEOX.
  6581 | D:8      | 6581 ||| READING 4 scrolls of identify.
  6581 | D:8      | 6581 ||| IDENTIFYING murky amethyst potion
  6625 | D:9      | 6625 ||| INVOKING Spit Poison.
  6630 | D:9      | 6630 ||| INVOKING Spit Poison.
  6712 | D:9      | Noticed Grum
  6713 | D:9      | 6713 ||| INVOKING Spit Poison.
  6720 | D:9      | 6720 ||| INVOKING Spit Poison.
  6726 | D:9      | 6726 ||| INVOKING Spit Poison.
  6727 | D:9      | HP: 19/94 [Grum/+1 glaive (17)]
  6728 | D:9      | 6728 ||| READING scroll of teleportation.
  6729 | D:9      | 6729 ||| DRINKING potion of heal wounds.
  6733 | D:9      | 6733 ||| INVOKING Spit Poison.
  6737 | D:9      | 6737 ||| INVOKING Spit Poison.
  6744 | D:9      | 6744 ||| INVOKING Spit Poison.
  6826 | D:9      | Found a sacrificial altar of Ru.
  6828 | D:9      | Found a glowing golden altar of the Shining One.
  6832 | D:9      | Found a shimmering altar of Xom.
  6849 | D:9      | 6849 ||| INVOKING Spit Poison.
  6857 | D:9      | 6857 ||| INVOKING Spit Poison.
  6865 | D:9      | 6865 ||| INVOKING Spit Poison.
  6872 | D:9      | 6872 ||| INVOKING Spit Poison.
  6880 | D:9      | Found a staircase to the Lair.
  6945 | D:9      | 6945 ||| INVOKING Spit Poison.
  6948 | D:9      | Noticed a manticore
  6949 | D:9      | 6949 ||| INVOKING Spit Poison.
  6952 | D:9      | 6952 ||| INVOKING Spit Poison.
  6955 | D:9      | 6955 ||| INVOKING Spit Poison.
  6960 | D:9      | Killed Grum
  6962 | D:9      | 6962 ||| INVOKING Spit Poison.
  6962 | D:9      | HP: 16/96 [manticore/volley of spikes (23)]
  6963 | D:9      | 6963 ||| READING scroll of teleportation.
  6967 | D:9      | Killed a manticore
  6968 | D:9      | Reached skill level 12 in Ranged Weapons
  7060 | D:9      | 7060 ||| INVOKING Spit Poison.
  7064 | D:9      | 7064 ||| INVOKING Spit Poison.
  7078 | D:9      | Found a bloodstained altar of Trog.
  7099 | D:9      | Found a staircase to the Orcish Mines.
  7231 | D:9      | Reached skill level 3 in Armour
  7245 | D:9      | Found a broken altar of Ashenzari.
  7326 | D:9      | 7326 ||| INVOKING Spit Poison.
  7329 | D:9      | 7329 ||| Stepping ~*~*~tactically~*~*~ (outnumbered).
  7330 | D:9      | 7330 ||| INVOKING Spit Poison.
  7334 | D:9      | 7334 ||| INVOKING Spit Poison.
  7365 | D:10     | Entered Level 10 of the Dungeon
  7441 | D:10     | 7441 ||| INVOKING Spit Poison.
  7445 | D:10     | 7445 ||| INVOKING Spit Poison.
  7477 | D:10     | Found a runed translucent door.
  7483 | D:10     | Found a basalt altar of Yredelemnul.
  7605 | D:10     | Identified the +6 hand axe of Poverty {flame, rPois rF-
                  | rCorr SInv}
  7649 | D:10     | Found an iron altar of Okawaru.
  7650 | D:10     | 7650 ||| PLANNING OKAWARU WORSHIP
  7651 | D:10     | Noticed a gargoyle
  7653 | D:10     | Killed a gargoyle
  7654 | D:10     | Reached XP level 11. HP: 103/103 MP: 11/11
  7658 | D:10     | Became a worshipper of Warmaster Okawaru
  7658 | D:10     | 7658 ||| PLANNING D:1-11
  7992 | D:10     | 7992 ||| PLANNING LAIR
  8025 | Lair:1   | Entered Level 1 of the Lair of Beasts
  8031 | Lair:1   | 8031 ||| INVOKING Spit Poison.
  8035 | Lair:1   | 8035 ||| INVOKING Spit Poison.
  8078 | Lair:1   | 8078 ||| INVOKING Spit Poison.
  8097 | Lair:1   | Reached skill level 13 in Ranged Weapons
  8099 | Lair:1   | 8099 ||| INVOKING Spit Poison.
  8102 | Lair:1   | 8102 ||| INVOKING Spit Poison.
  8140 | Lair:1   | You fall into a shaft and drop 1 floor!
  8141 | Lair:2   | 8141 ||| INVOKING Spit Poison.
  8145 | Lair:2   | 8145 ||| INVOKING Spit Poison.
  8147 | Lair:2   | Reached * piety under Okawaru
  8148 | Lair:2   | 8148 ||| INVOKING Heroism.
  8150 | Lair:2   | 8150 ||| INVOKING Spit Poison.
  8211 | Lair:2   | 8211 ||| INVOKING Spit Poison.
  8214 | Lair:2   | 8214 ||| INVOKING Spit Poison.
  8219 | Lair:2   | 8219 ||| INVOKING Spit Poison.
  8222 | Lair:2   | Reached skill level 1 in Invocations
  8222 | Lair:2   | 8222 ||| INVOKING Spit Poison.
  8229 | Lair:2   | 8229 ||| INVOKING Spit Poison.
  8233 | Lair:2   | 8233 ||| INVOKING Heroism.
  8234 | Lair:2   | 8234 ||| INVOKING Spit Poison.
  8346 | Lair:2   | 8346 ||| INVOKING Heroism.
  8349 | Lair:2   | 8349 ||| INVOKING Spit Poison.
  8353 | Lair:2   | Reached skill level 9 in Fighting
  8403 | Lair:2   | 8403 ||| INVOKING Spit Poison.
  8410 | Lair:2   | 8410 ||| INVOKING Spit Poison.
  8412 | Lair:2   | 8412 ||| INVOKING Heroism.
  8413 | Lair:2   | 8413 ||| INVOKING Heroism.
  8414 | Lair:2   | 8414 ||| INVOKING Spit Poison.
  8422 | Lair:2   | 8422 ||| INVOKING Spit Poison.
  8428 | Lair:2   | 8428 ||| INVOKING Heroism.
  8429 | Lair:2   | 8429 ||| INVOKING Spit Poison.
  8432 | Lair:2   | Reached skill level 3 in Invocations
  8437 | Lair:2   | 8437 ||| INVOKING Spit Poison.
  8442 | Lair:2   | 8442 ||| INVOKING Spit Poison.
  8445 | Lair:2   | 8445 ||| INVOKING Heroism.
  8447 | Lair:2   | 8447 ||| INVOKING Spit Poison.
  8455 | Lair:2   | 8455 ||| INVOKING Spit Poison.
  8459 | Lair:2   | 8459 ||| INVOKING Heroism.
  8462 | Lair:2   | 8462 ||| INVOKING Spit Poison.
  8467 | Lair:2   | 8467 ||| INVOKING Spit Poison.
  8542 | Lair:2   | Found a staircase to the Snake Pit.
  8542 | Lair:2   | Noticed a salamander
  8544 | Lair:2   | 8544 ||| INVOKING Spit Poison.
  8550 | Lair:2   | 8550 ||| INVOKING Heroism.
  8551 | Lair:2   | 8551 ||| INVOKING Spit Poison.
  8554 | Lair:2   | Killed a salamander
  8556 | Lair:2   | 8556 ||| INVOKING Spit Poison.
  8596 | Lair:2   | 8596 ||| DROPPING potion of ambrosia.
  8623 | Lair:1   | 8623 ||| INVOKING Spit Poison.
  8641 | Lair:1   | 8641 ||| READING scroll of enchant armour.
  8641 | Lair:1   | 8641 ||| ENCHANTING +1 barding of cold resistance.
  8650 | Lair:1   | 8650 ||| INVOKING Heroism.
  8677 | Lair:1   | 8677 ||| INVOKING Heroism.
  8715 | Lair:1   | 8715 ||| INVOKING Spit Poison.
  8721 | Lair:1   | 8721 ||| INVOKING Spit Poison.
  8727 | Lair:1   | 8727 ||| INVOKING Spit Poison.
  8730 | Lair:1   | 8730 ||| INVOKING Spit Poison.
  8770 | Lair:1   | Noticed a catoblepas
  8771 | Lair:1   | 8771 ||| Stepping ~*~*~tactically~*~*~ (cloud).
  8789 | Lair:1   | 8789 ||| INVOKING Heroism.
  8790 | Lair:1   | 8790 ||| INVOKING Spit Poison.
  8794 | Lair:1   | 8794 ||| INVOKING Spit Poison.
  8795 | Lair:1   | 8795 ||| Stepping ~*~*~tactically~*~*~ (cloud).
  8797 | Lair:1   | 8797 ||| Stepping ~*~*~tactically~*~*~ (cloud).
  8798 | Lair:1   | 8798 ||| INVOKING Spit Poison.
  8803 | Lair:1   | Killed a catoblepas
  8803 | Lair:1   | Reached ** piety under Okawaru
  8834 | Lair:1   | 8834 ||| INVOKING Heroism.
  8853 | Lair:1   | 8853 ||| INVOKING Spit Poison.
  8856 | Lair:1   | Reached XP level 12. HP: 107/114 MP: 15/15
  8881 | Lair:1   | Reached skill level 14 in Ranged Weapons
  8902 | Lair:1   | 8902 ||| INVOKING Heroism.
  8948 | Lair:1   | 8948 ||| INVOKING Heroism.
  9148 | Lair:1   | 9148 ||| INVOKING Heroism.
  9572 | Lair:2   | Noticed Nergalle
  9573 | Lair:2   | 9573 ||| INVOKING Heroism.
  9578 | Lair:2   | Killed Nergalle
  9608 | Lair:2   | Reached *** piety under Okawaru
  9714 | Lair:2   | 9714 ||| INVOKING Heroism.
  9739 | Lair:2   | Found a staircase to the Shoals.
  9746 | Lair:2   | 9746 ||| INVOKING Heroism.
  9891 | Lair:2   | Noticed a boulder beetle
  9892 | Lair:2   | 9892 ||| INVOKING Heroism.
  9903 | Lair:2   | Reached skill level 15 in Ranged Weapons
  9916 | Lair:2   | Killed a boulder beetle
  9962 | Lair:2   | Reached skill level 6 in Dodging
  9982 | Lair:2   | 9982 ||| INVOKING Heroism.
 10045 | Lair:2   | Identified the +9 scimitar of Beogh's Regard {flame,
                  | *Corrode rElec rC+ Int+5}
 10093 | Lair:2   | Reached **** piety under Okawaru
 10166 | Lair:2   | Noticed a five-headed hydra
 10167 | Lair:2   | 10167 ||| FLEEEEING.
 10169 | Lair:2   | 10169 ||| STAIRDANCE
 10183 | Lair:1   | 10183 ||| DRINKING 2 clear potions.
 10183 | Lair:1   | Gained mutation: Your muscles are strong. (Str +4, Int/Dex
                  | -1) [potion of mutation]
 10183 | Lair:1   | Lost mutation: Your muscles are strong. (Str +4, Int/Dex
                  | -1) [potion of mutation]
 10184 | Lair:1   | 10184 ||| READING 8 scrolls of identify.
 10184 | Lair:1   | 10184 ||| IDENTIFYING purple potion
 10185 | Lair:1   | 10185 ||| DROPPING potion of brilliance.
 10193 | Lair:2   | 10193 ||| INVOKING Heroism.
 10199 | Lair:2   | Killed a five-headed hydra
 10201 | Lair:2   | Gained mutation: You can use your snake-like lower body to
                  | constrict enemies. [Naga growth]
 10201 | Lair:2   | Reached XP level 13. HP: 98/123 MP: 13/16
 10226 | Lair:2   | 10226 ||| INVOKING Heroism.
 10235 | Lair:2   | Reached skill level 6 in Invocations
 10321 | Lair:2   | Identified the +6 rapier of Anxiety {freeze, Drain rF+ MP+9
                  | Dex+2}
 10769 | Lair:3   | 10769 ||| INVOKING Heroism.
 10814 | Lair:3   | 10814 ||| INVOKING Heroism.
 10903 | Lair:3   | Found a runed translucent gate.
 10903 | Lair:3   | Found a runed translucent gate.
 10904 | Lair:3   | Found a runed translucent gate.
 10911 | Lair:3   | 10911 ||| INVOKING Heroism.
 11009 | Lair:3   | 11009 ||| INVOKING Heroism.
 11067 | Lair:3   | Noticed a minotaur
 11080 | Lair:3   | 11080 ||| INVOKING Heroism.
 11222 | Lair:3   | Noticed qw's ghost (journeyman MiHu)
 11279 | Lair:3   | 11279 ||| READING scroll of enchant weapon.
 11279 | Lair:3   | 11279 ||| ENCHANTING +1 longbow of flaming.
 11678 | Lair:3   | 11678 ||| UPGRADING to +0 pair of gloves.
 11683 | Lair:3   | 11683 ||| DROPPING ring of magical power.
 11720 | Lair:4   | 11720 ||| DRINKING 2 potions of cancellation.
 11774 | Lair:4   | 11774 ||| INVOKING Heroism.
 11803 | Lair:4   | Reached ***** piety under Okawaru
 11839 | Lair:4   | Reached skill level 16 in Ranged Weapons
 11843 | Lair:4   | 11843 ||| INVOKING Heroism.
 11844 | Lair:4   | 11844 ||| INVOKING Finesse.
 11898 | Lair:4   | Identified the +4 ring mail of Refuge {Harm Will- Regen+
                  | Int+5}
 12034 | Lair:4   | 12034 ||| DRINKING potion of cancellation.
 12038 | Lair:4   | Found a shadowy altar of Dithmenos.
 12410 | Lair:5   | Entered Level 5 of the Lair of Beasts
 12421 | Lair:5   | Noticed a dire elephant
 12422 | Lair:5   | 12422 ||| INVOKING Heroism.
 12434 | Lair:5   | Killed a dire elephant
 12505 | Lair:5   | 12505 ||| INVOKING Heroism.
 12539 | Lair:5   | Reached skill level 9 in Invocations
 12550 | Lair:5   | 12550 ||| INVOKING Heroism.
 12569 | Lair:5   | Found a staircase to the Slime Pits.
 12665 | Lair:5   | 12665 ||| INVOKING Heroism.
 12738 | Lair:5   | 12738 ||| INVOKING Heroism.
 12742 | Lair:5   | Reached XP level 14. HP: 135/135 MP: 18/21
 12899 | Lair:5   | 12899 ||| INVOKING Heroism.
 12902 | Lair:5   | Noticed a dire elephant
 12917 | Lair:5   | HP: 31/135 [dire elephant (4)]
 12918 | Lair:5   | 12918 ||| READING 3 scrolls of teleportation.
 12918 | Lair:5   | HP: 4/135 [dire elephant (28)]
 12919 | Lair:5   | 12919 ||| DRINKING potion of heal wounds.
 12919 | Lair:5   | Slain by a dire elephant

Levels and vault maps discovered:
D:1:      dpeg_arrival_signposts, layout_rooms
D:2:      layout_rooms, uniq_robin
D:3:      minmay_recursive_quarters, layout_loops_ring,
          mainiacjoe_overflow_brackets, gammafunk_ghost_grave, uniq_natasha
D:4:      old_forge, layout_layer_cave, nemelex_diamond_rough_becter,
          zin_academy
D:5:      layout_gridville, overflow_temple_1_default,
          mainiacjoe_overflow_catch_the_wave, uniq_blork_the_orc
D:6:      layout_loops_cross, minmay_temple_entry_overgrown, serial_shops, shop,
          minmay_hedge_maze, roderic_three_in_a_row, kennysheep_donut,
          skrybe_limestone_x, supply_closet_lemuel
D:7:      layout_loops_ring, grunt_dithmenos_smoke
D:8:      layout_loops_corners, dancing_weapons_uskayaw, serial_shops,
          nicolae_shop_tiny_glass, nicolae_stop_n_shop_1, nicolae_shop_trees,
          reono_crystal_passage, minmay_strange_pillars, uniq_maurice
D:9:      layout_basic, grunt_temple_overflow_open, amcnicky_altar_gilded,
          lemuel_coloured_pillars_altar, grunt_lair_entry_orc_guard_hut,
          orc_0_dummy, uniq_grum
D:10:     layout_basic, okawaru_metal_pillars_3, dk_yredelemnul_ordeal,
          roderic_roman_lattice, evilmike_butchery
Temple:   hellmonk_temple_divided_pantheon
Lair:1:   layout_gridlike
Lair:2:   nzn_winding_woodlands_stair_cross [nzn_winding_woodlands_5x15_twine,
          nzn_winding_woodlands_center_triple_pond,
          nzn_winding_woodlands_5x15_default,
          nzn_winding_woodlands_5x5_open_star, nzn_winding_woodlands_5x5_cross,
          nzn_winding_woodlands_5x15_concentric,
          nzn_winding_woodlands_center_garden,
          nzn_winding_woodlands_5x15_crooked], layout_loops_ring,
          elwin_shoals_entry_rooms, nicolae_snake_entry_warm_welcome,
          special_room [special_room_bee], uniq_nergalle
Lair:3:   layout_loops_ring, maelrawn_ghost_gauntlet_escape
Lair:4:   layout_hall_layers, basic_altar, beast_lair_carwin_11
Lair:5:   gammafunk_lair_ancient_temple, layout_regular_city,
          minmay_slime_entry_pillars, bh_autumn_forest_stairs

Skill      XL: |  1  2  3  4  5  6  7  8  9 10 11 12 13 14 |
---------------+-------------------------------------------+-----
Ranged Weapons | 4 5 6 7 9 10 12 13 15 16 | 16.8
Fighting       | 3 4 5 7 8 9 10 11 | 11.0
Dodging        | 2 3 4 5 6 |  6.0
Armour         | 2 3 4 |  4.1
Invocations    | 4 5 9 10 | 10.0
Stealth        | |  1.5

Action                     |  1- 3 |  4- 6 |  7- 9 | 10-12 | 13-15 || total
---------------------------+-------+-------+-------+-------+-------++-------
   Fire: Shortbow          |    48 |    66 |       |       |       ||   114
         Longbow           |       |    59 |   221 |   510 |   370 ||  1160
 Invoke: Heroism           |       |       |       |    21 |    14 ||    35
         Finesse           |       |       |       |       |     1 ||     1
Ability: Spit Poison       |    23 |    48 |    57 |    65 |       ||   193
    Use: Scroll            |     4 |     3 |    11 |     7 |     2 ||    27
         Potion            |       |     2 |     1 |     2 |     3 ||     8
 Armour: Leather armour    |    10 |    22 |    69 |   233 |    95 ||   429
  Dodge: Dodged            |    34 |    23 |    81 |   231 |   105 ||   474

Table legend:
 A = Non-vault XP
 B = Vault XP
 C = Vault XP percentage of total XP
 D = Non-vault monster count
 E = Vault monster count
 F = Vault count percentage of total count
                 A         B        C        D         E       F
            +---------+---------+-------+---------+---------+-------
      Total |   41611 |   19492 |  31.9 |     301 |     121 |  28.7
            +---------+---------+-------+---------+---------+-------
        D:1 |     137 |      35 |  20.3 |      28 |      12 |  30.0
        D:2 |      47 |       0 |   0.0 |      17 |       0 |   0.0
        D:3 |      92 |      60 |  39.5 |      19 |      13 |  40.6
        D:4 |     584 |     453 |  43.7 |      28 |      13 |  31.7
        D:5 |     586 |      96 |  14.1 |      10 |       1 |   9.1
        D:6 |     277 |       0 |   0.0 |      11 |       0 |   0.0
        D:7 |    1377 |       0 |   0.0 |      17 |       0 |   0.0
        D:8 |    1304 |     362 |  21.7 |      28 |       1 |   3.4
        D:9 |    2035 |    1113 |  35.4 |      17 |       9 |  34.6
       D:10 |     817 |       1 |   0.1 |       6 |       1 |  14.3
     Lair:1 |    7626 |       0 |   0.0 |      27 |       0 |   0.0
     Lair:2 |    5422 |   12251 |  69.3 |      22 |      57 |  72.2
     Lair:3 |    4049 |       0 |   0.0 |      13 |       0 |   0.0
     Lair:4 |    6526 |     826 |  11.2 |      22 |       3 |  12.0
     Lair:5 |   10732 |    4295 |  28.6 |      36 |      11 |  23.4
            +---------+---------+-------+---------+---------+-------
